 Dungeon Crawl Stone Soup version 0.23-a0-831-g5da158a (webtiles) character file.

13869 Scamper the Ripper (level 11, -1/55 HPs)
             Began as a Felid Berserker on Jan 23, 2019.
             Was an Elder of Trog.
             Killed from afar by a raiju (21 damage)
             ... with a living lightning
             ... on level 3 of the Abyss.
             The game lasted 01:08:44 (17661 turns).

Scamper the Ripper (Felid Berserker)               Turns: 17661, Time: 01:08:44

Health: -1/55      AC:  3    Str: 16    XL:     11   Next: 81%
Magic:  12/12      EV: 45    Int:  8    God:    Trog [****..]
Gold:   925        SH:  4    Dex: 16    Spells: 10/10 levels left
                                        Lives:  0   Deaths: 3

rFire    . . .     SeeInvis +     - Unarmed
rCold    + . .     Gourm    .   (shield unavailable)
rNeg     . . .     Faith    .   (armour unavailable)
rPois    .         Spirit   .   (helmet unavailable)
rElec    .         Reflect  .   (cloak unavailable)
rCorr    +         Harm     .   (gloves unavailable)
MR       +....                  (boots unavailable)
Stlth    ++++++....             A - amulet of the acrobat
HPRegen  0.18/turn              k - ring of resist corrosion
MPRegen  0.13/turn              u - +3 ring of evasion

@: about to teleport, acrobat, quick
A: very small, no armour, no weapons or thrown items, stealth, claws 1, fangs 3,
large bone plates 1, see invisible, carnivore, dopey 1, speed 1, sense
surroundings 1, shaggy fur 3, slow metabolism 1, sharp paws
a: Berserk, Trog's Hand, Brothers in Arms, Renounce Religion


You were on level 3 of the Abyss.
You worshipped Trog.
Trog was greatly pleased with you.
You were not hungry.

You visited 1 branch of the dungeon, and saw 14 of its levels.
You visited the Abyss 1 time.
You also visited: Sewer.

You collected 997 gold pieces.
You spent 72 gold pieces at shops.

Inventory:

Jewellery
 k - a ring of resist corrosion (left paw)
 u - a +3 ring of evasion (right paw)
 A - an amulet of the acrobat (around neck)
 D - an uncursed ring of fire
Wands
 l - a wand of scattershot (11)
 m - a wand of acid (6)
 p - a wand of random effects (19)
 C - a wand of paralysis (6)
Scrolls
 b - 4 scrolls of teleportation
 f - 6 scrolls of remove curse
 g - 4 scrolls of fog
 h - 4 scrolls of fear
 j - 2 scrolls of noise
 w - 3 scrolls of immolation
Potions
 d - 4 potions of might
 e - 4 potions of haste
 i - 4 potions of flight
 n - 4 potions of lignification
 o - 3 potions of agility
 r - 2 potions of heal wounds
 s - 2 potions of berserk rage
 t - a potion of brilliance
 z - 3 potions of ambrosia
Miscellaneous
 c - a fan of gales
Comestibles
 a - 25 rations


   Skills:
 * Level 10.5 Fighting
 * Level 11.4 Dodging
 * Level 12.6 Stealth
 + Level 15.1 Unarmed Combat


You had 10 spell levels left.
You didn't know any spells.
Your spell library contained the following spells:

 Spells                   Type           Power        Failure   Level  Hunger
 Magic Dart               Conj           #...         41%         1    ##.....
 Blink                    Tloc           N/A          54%         2    ###....
 Call Imp                 Summ           #.......     54%         2    ###....
 Slow                     Hex            #.......     54%         2    ###....
 Conjure Flame            Conj/Fire      #.......     78%         3    ####...
 Mephitic Cloud           Conj/Pois/Air  #.......     78%         3    ####...


Dungeon Overview and Level Annotations

Branches:
Dungeon (14/15)            Temple (0/1) D:5            Lair (0/6) D:10
    Orc (0/2) D:12         Vaults (0/5) D:13

Altars:
Hepliaklqana
Kikubaaqudgha
Sif Muna
Uskayaw
Yredelemnul
The Shining One

Shops:
D:8 [   D:13 *:

Annotations:
D:4 exclusion: downstairs
D:6 Blork the orc, Prince Ribbit
D:8 exclusion: downstairs
D:11 exclusion: downstairs
D:12 exclusion: downstairs
D:14 Louise


Innate Abilities, Weirdness & Mutations

You cannot wear armour.
You are incapable of wielding weapons or throwing items.
Your paws allow you to move quietly. (Stealth)
You have sharp claws.
You have razor-sharp teeth.
You have supernaturally acute eyesight. (SInv)
You are carnivorous and can eat meat at any time.
You cover ground quickly.
Your thick and shaggy fur keeps you warm. (AC +3, rC+)
You have a slow metabolism.
Your sharp claws are effective at attacking unaware monsters.
You are partially covered in large bone plates. (SH +4)
You are dopey. (Int -2)
You passively map a small area around you.


Message History

You feel strangely unstable.
You feel the power of the Abyss delaying your translocation!
You block the flying skull's attack.
You block the small abomination's attack.
The storm dragon zombie completely misses you.
The storm dragon zombie misses you.
The storm dragon zombie closely misses you.
The storm dragon zombie completely misses you. x3
The flying skull completely misses you. The flying skull completely misses you.
The large abomination misses you. The flying skull completely misses you.
A lurking horror comes into view.
The lich shouts!
The lich gestures at you while chanting.
You resist. The bolt of acid hits you!!
You are splashed with acid!
You resist. The flying skull completely misses you.
The raiju barks!
The raiju bursts into living lightning!
The living lightning hits you!!
You die...

........#..#.h.
.#....#
.......#X..#......
....#
.......x...#.........
. ........##'#..#.
... ..#
#...L..Z#....... . #.
#..h..zz#....#### ...
. # #......z#....#
#.# ...
#.......#....#...#. .
#.......@....#. . ##
#.......#....#. .
...#. .
..#'##'##....#.. # .#
. ..#.... .....#. .
.. # .
#..........#...# .
#.. #.... ....# # .
#.#.. ....# # #.
...[.. . . .


You could see a lich, a raiju, a small abomination, 3 flying skulls and a storm
dragon zombie.

Vanquished Creatures
  A hydra (D:13)
  Erica (D:10)
  An ogre mage (D:13)
  3 two-headed ogres
  3 death yaks (D:10)
  A thrashing horror (Abyss:3)
  A wretched star (Abyss:3)
  A skeletal warrior (D:13)
  Pikel (D:6)
  An unseen horror (D:11)
  An orc knight (D:13)
  2 ugly things (D:11)
  A smoke demon (Abyss:3)
  A komodo dragon (D:12)
  An efreet (D:14)
  A demonic crawler (Abyss:3)
  5 yaktaurs (D:13)
  A tengu conjurer (D:12)
  3 trolls
  A hornet (D:12)
  2 hippogriffs (D:12)
  A raiju (Abyss:3)
  3 starcursed masses (Abyss:3)
  2 shadows
  A vampire (D:13)
  Sigmund (D:5)
  A wraith (D:10)
  5 wyverns
  Grum (D:10)
  5 golden eyes (Abyss:3)
  9 yaks
  A hungry ghost (D:8)
  Edmund (D:5)
  2 acid dragons
  A soldier ant (D:12)
  2 porcupines (D:10)
  A water moccasin (D:10)
  3 ice beasts
  8 orc warriors
  3 black bears
  2 eyes of draining (D:12)
  A hornet zombie (D:6)
  11 ogres
  2 phantoms
  2 sky beasts
  2 wolves (D:10)
  A boggart (D:13)
  8 centaurs
  5 big kobolds
  2 gnoll sergeants (D:12)
  6 bullfrogs
  A wyvern skeleton (D:13)
  2 scorpions
  5 killer bees
  A small abomination (Abyss:3)
  3 wights (D:10)
  3 howler monkeys (D:10)
  9 crimson imps
  A quasit (D:12)
  2 bullfrog zombies
  3 centaur zombies
  7 orc priests
  6 hounds
  12 orc wizards
  6 centaur skeletons
  Jessica (D:2)
  2 bullfrog skeletons
  5 iguanas
  2 hell rats (D:10)
  8 worker ants
  A killer bee zombie (D:7)
  14 adders
  14 gnolls
  A howler monkey skeleton (D:5)
  A river rat (D:10)
  4 shadow imps
  A white imp (Abyss:3)
  3 oozes (Sewer)
  4 adder zombies
  2 adder skeletons (D:5)
  7 worms
  6 leopard geckos
  40 orcs
  9 bats
  8 giant cockroaches
  4 goblins
  5 hobgoblins
  5 jackals
  3 quokkas
  3 ball pythons
  5 frilled lizards
  A giant cockroach zombie (D:5)
  11 kobolds
  A leopard gecko skeleton (D:9)
  A quokka skeleton (D:5)
  A quokka zombie (D:5)
  9 rats
369 creatures vanquished.

Vanquished Creatures (collateral kills)
  A quokka (D:10)
1 creature vanquished.

Vanquished Creatures (others)
  2 slaves (D:6)
  An ogre (D:6)
  An adder (D:6)
  An adder skeleton (D:6)
  A giant cockroach (D:6)
  9 starspawn tentacles (Abyss:3)
15 creatures vanquished.

Grand Total: 385 creatures vanquished

Notes
Turn   | Place    | Note
-------+----------+-------------------------------------------
     0 | D:1      | Scamper the Felid Berserker began the quest for the Orb.
     0 | D:1      | Reached XP level 1. HP: 10/10 MP: 2/2
   198 | D:1      | Reached XP level 2. HP: 11/14 MP: 3/3
  1153 | D:2      | Noticed Jessica
  1159 | D:2      | Reached XP level 3. HP: 17/17 MP: 4/4
  1162 | D:2      | Killed Jessica
  1163 | D:2      | Reached XP level 4. HP: 21/21 MP: 5/5
  1247 | D:2      | Reached skill level 4 in Unarmed Combat
  1474 | D:1      | Reached skill level 5 in Dodging
  1559 | D:2      | Reached ** piety under Trog
  1559 | D:2      | Reached skill level 1 in Stealth
  1570 | D:2      | Reached XP level 5. HP: 23/25 MP: 6/6
  2054 | D:2      | Found a glowing golden altar of the Shining One.
  2587 | D:3      | Found a glowing drain.
  2629 | Sewer    | Entered a sewer
  2909 | Sewer    | Reached skill level 5 in Unarmed Combat
  2909 | Sewer    | Gained mutation: You are covered in thick fur. (AC +2)
                  | [Felid growth]
  2909 | Sewer    | Reached XP level 6. HP: 28/28 MP: 7/7
  3881 | D:4      | Reached *** piety under Trog
  4507 | D:5      | Entered Level 5 of the Dungeon
  4513 | D:5      | Reached XP level 7. HP: 33/33 MP: 8/8
  4541 | D:5      | Reached skill level 6 in Unarmed Combat
  5046 | D:5      | Reached skill level 5 in Stealth
  5113 | D:5      | Noticed Edmund
  5126 | D:5      | Killed Edmund
  5141 | D:5      | Slain by an orc
  5142 | D:5      | Reached XP level 6. HP: 0/30 MP: 7/7
  5163 | D:5      | Reached skill level 5 in Fighting
  5163 | D:5      | Reached XP level 7. HP: 33/33 MP: 8/8
  5382 | D:5      | Reached skill level 7 in Unarmed Combat
  5711 | D:5      | Found a staircase to the Ecumenical Temple.
  5712 | D:5      | Noticed Sigmund
  5712 | D:5      | You fall through a shaft for 3 floors!
  5897 | D:7      | Found a hazy altar of Hepliaklqana.
  6161 | D:7      | Reached XP level 8. HP: 37/37 MP: 9/9
  6298 | D:6      | Reached skill level 8 in Unarmed Combat
  6363 | D:6      | Noticed Pikel
  6419 | D:6      | Killed Pikel
  6493 | D:6      | Noticed Blork the orc
  6658 | D:5      | Killed Sigmund
  6738 | D:5      | Found a basalt altar of Yredelemnul.
  6945 | D:6      | Reached skill level 9 in Unarmed Combat
  6952 | D:6      | Reached XP level 9. HP: 41/41 MP: 10/10
  7149 | D:6      | Noticed Prince Ribbit
  7860 | D:6      | Reached **** piety under Trog
  9165 | D:8      | Found Biadugy's Armour Shop.
  9503 | D:9      | Reached skill level 10 in Unarmed Combat
  9578 | D:9      | Gained mutation: You are partially covered in large bone
                  | plates. (SH +4) [potion of mutation]
  9578 | D:9      | Gained mutation: Your mind is acute. (Int +2) [potion of
                  | mutation]
  9578 | D:9      | Gained mutation: Your mind is very acute. (Int +4) [potion
                  | of mutation]
  9579 | D:9      | Lost mutation: Your mind is very acute. (Int +4) [potion of
                  | mutation]
  9579 | D:9      | Lost mutation: Your mind is acute. (Int +2) [potion of
                  | mutation]
  9579 | D:9      | Gained mutation: You are dopey. (Int -2) [potion of
                  | mutation]
  9579 | D:9      | Gained mutation: You passively map a small area around you.
                  | [potion of mutation]
  9761 | D:9      | Found a hide-covered altar of Uskayaw.
  9981 | D:8      | Reached XP level 10. HP: 43/47 MP: 11/11
 10409 | D:10     | Entered Level 10 of the Dungeon
 10562 | D:9      | Found a deep blue altar of Sif Muna.
 10562 | D:9      | Found an ancient bone altar of Kikubaaqudgha.
 10593 | D:10     | Noticed a death yak
 10594 | D:10     | Noticed a death yak
 10623 | D:10     | Reached skill level 10 in Stealth
 10803 | D:10     | Noticed Erica
 10816 | D:10     | Killed Erica
 10816 | D:10     | Reached skill level 11 in Unarmed Combat
 10816 | D:10     | HP: 1/72 [hell rat (16)]
 10816 | D:10     | Slain by a hell rat
 10817 | D:10     | Reached XP level 9. HP: 0/66 MP: 10/10
 10837 | D:10     | Noticed a death yak
 10841 | D:10     | Killed a death yak
 10845 | D:10     | Killed a death yak
 10845 | D:10     | Reached XP level 10. HP: 18/48 MP: 11/11
 10857 | D:10     | Killed a death yak
 11223 | D:10     | Noticed Grum
 11564 | D:10     | Reached skill level 12 in Unarmed Combat
 11621 | D:10     | Killed Grum
 11822 | D:10     | Found a staircase to the Lair.
 12066 | D:11     | Noticed an unseen horror
 12072 | D:11     | Killed an unseen horror
 12149 | D:11     | Noticed a purple ugly thing
 12163 | D:11     | Killed a purple ugly thing
 12262 | D:11     | Noticed a two-headed ogre
 12274 | D:11     | Killed a two-headed ogre
 12455 | D:11     | Noticed a red ugly thing
 12465 | D:11     | Killed a red ugly thing
 12465 | D:11     | Reached XP level 11. HP: 44/52 MP: 12/12
 13092 | D:12     | Reached skill level 13 in Unarmed Combat
 13437 | D:12     | Noticed a two-headed ogre
 13444 | D:12     | Killed a two-headed ogre
 13810 | D:12     | Found a staircase to the Orcish Mines.
 14199 | D:12     | Reached skill level 10 in Dodging
 14477 | D:13     | Found Fugyokh's Book Emporium.
 14538 | D:13     | Noticed an ogre mage
 14843 | D:13     | Reached ***** piety under Trog
 14852 | D:13     | Noticed a four-headed hydra
 14896 | D:13     | Killed a four-headed hydra
 14996 | D:13     | Noticed an orc knight
 15076 | D:13     | Noticed a two-headed ogre
 15085 | D:13     | Killed a two-headed ogre
 15106 | D:13     | Killed an ogre mage
 15223 | D:13     | Killed an orc knight
 15223 | D:13     | Reached skill level 14 in Unarmed Combat
 15298 | D:13     | Noticed a two-headed ogre
 15299 | D:13     | Gained mutation: Your thick and shaggy fur keeps you warm.
                  | (AC +3, rC+) [Felid growth]
 15299 | D:13     | Reached XP level 12. HP: 58/58 MP: 13/13
 15784 | D:13     | Reached skill level 10 in Fighting
 16265 | D:13     | Found Yponius's General Store.
 16632 | D:13     | Bought a scroll of identify for 36 gold pieces
 16632 | D:13     | Bought a scroll of fog for 36 gold pieces
 16785 | D:13     | Found a gate to the Vaults.
 17056 | D:14     | Noticed Louise
 17065 | D:14     | Cast into level 3 of the Abyss (Louise)
 17120 | Abyss:3  | Noticed a green death
 17195 | Abyss:3  | Noticed a starcursed mass
 17204 | Abyss:3  | Reached skill level 15 in Unarmed Combat
 17244 | Abyss:3  | Noticed a tentacled starspawn
 17245 | Abyss:3  | Noticed a reaper
 17265 | Abyss:3  | Noticed a green death
 17274 | Abyss:3  | Slain by a tentacled starspawn
 17275 | Abyss:3  | Reached XP level 11. HP: -3/55 MP: 12/12
 17343 | Abyss:3  | Noticed a wretched star
 17353 | Abyss:3  | Killed a wretched star
 17440 | Abyss:3  | Noticed a thrashing horror
 17483 | Abyss:3  | Noticed a spatial maelstrom
 17504 | Abyss:3  | Noticed an orb spider
 17516 | Abyss:3  | Noticed a phantasmal warrior
 17520 | Abyss:3  | Noticed a starcursed mass
 17529 | Abyss:3  | Noticed a thrashing horror
 17539 | Abyss:3  | Killed a thrashing horror
 17556 | Abyss:3  | Killed a starcursed mass
 17566 | Abyss:3  | Found a corrupted altar of Lugonu.
 17566 | Abyss:3  | Found a corrupted altar of Lugonu.
 17627 | Abyss:3  | Noticed a thrashing horror
 17636 | Abyss:3  | Noticed a lich
 17661 | Abyss:3  | Killed from afar by a raiju

Vault maps used:
D:1:      ebering_trefoil_3fold
D:2:      first_ration, tso_altar, uniq_jessica
D:3:      cheibrodos_sewer_entry_bend, minmay_vboxes
D:4:      roderic_roman_lattice
D:5:      minmay_temple_entry_glass, serial_undead, serial_undead_b,
          serial_undead_f, serial_undead_f, serial_undead_c, serial_undead_a,
          yredelemnul_altar_generic, uniq_sigmund, uniq_edmund
D:6:      wad_river_or_something, nrook_uturn, uniq_pikel, uniq_prince_ribbit1,
          uniq_blork_the_orc
D:7:      kennysheep_mini
D:8:      serial_shops, nicolae_shop_trees
D:9:      nicolae_overflow_hidden_temple
D:10:     dpeg_lair_monsters, uniq_erica, uniq_grum
D:12:     kennysheep_orc_monster_closet_entryway, grunt_tengu_nest,
          kennysheep_generic_room_8
D:13:     hangedman_vaults_entry_quadrant_bands, serial_shops, shop,
          shop_fountains
D:14:     portal_ice_cave_entry_ice_beasts, enter_bailey_8,
          minmay_misc_feat_alley, uniq_louise
Abyss:3:  hangedman_abyss_exit_choices
Sewer:    sewer_co_15_rooms

Skill      XL: |  1  2  3  4  5  6  7  8  9 10 11 12 |
---------------+-------------------------------------+-----
Unarmed Combat | 4 5 7 9 10 12 14 15 | 15.1
Dodging        | 5 7 9 10 11 | 11.4
Stealth        | 1 3 4 5 7 9 11 12 | 12.6
Fighting       | 5 6 8 9 10 | 10.5

Action                   |  1- 3 |  4- 6 |  7- 9 | 10-12 || total
-------------------------+-------+-------+-------+-------++-------
Melee: Unarmed           |    43 |   189 |   311 |   586 ||  1129
       Bite              |     4 |    12 |    47 |    68 ||   131
       Punch             |       |     4 |    10 |    33 ||    47
Invok: Berserk           |     1 |     8 |    12 |    29 ||    50
       Trog's Hand       |       |     2 |     7 |    11 ||    20
       Brothers in Arms  |       |       |       |     2 ||     2
  Use: Potion            |       |       |     4 |     8 ||    12
       Scroll            |       |       |    11 |    16 ||    27
 Stab: Sleeping          |     2 |    13 |    22 |    15 ||    52
       Distracted        |       |       |     1 |     3 ||     4
  Eat: Chunk             |     8 |    14 |    31 |    41 ||    94
       Ration            |       |       |       |     1 ||     1
Armor: Skin              |     2 |     7 |    12 |     9 ||    30
Dodge: Dodged            |    35 |   153 |   267 |   465 ||   920
Block: Other             |       |       |     7 |    69 ||    76

Table legend:
 A = Non-vault XP
 B = Vault XP
 C = Vault XP percentage of total XP
 D = Non-vault monster count
 E = Vault monster count
 F = Vault count percentage of total count
                 A         B        C        D         E       F
            +---------+---------+-------+---------+---------+-------
      Total |   25619 |   12814 |  33.3 |     271 |     100 |  27.0
            +---------+---------+-------+---------+---------+-------
        D:1 |      27 |       0 |   0.0 |      17 |       0 |   0.0
        D:2 |     161 |      37 |  18.7 |      26 |       1 |   3.7
        D:3 |      52 |      10 |  16.1 |      15 |       4 |  21.1
        D:4 |     180 |       0 |   0.0 |       7 |       0 |   0.0
        D:5 |     616 |     602 |  49.4 |      21 |      15 |  41.7
        D:6 |     437 |    1157 |  72.6 |      14 |       9 |  39.1
        D:7 |     806 |       0 |   0.0 |      17 |       0 |   0.0
        D:8 |    1084 |       0 |   0.0 |      23 |       0 |   0.0
        D:9 |    1144 |       0 |   0.0 |      16 |       0 |   0.0
       D:10 |    1758 |    3967 |  69.3 |      30 |      15 |  33.3
       D:11 |    4486 |     121 |   2.6 |      15 |       1 |   6.2
       D:12 |    3875 |    1297 |  25.1 |      21 |      20 |  48.8
       D:13 |    5499 |    5359 |  49.4 |      21 |      20 |  48.8
       D:14 |    1197 |       0 |   0.0 |      11 |       0 |   0.0
    Abyss:3 |    4297 |       0 |   0.0 |      17 |       0 |   0.0
      Sewer |       0 |     264 | 100.0 |       0 |      15 | 100.0
            +---------+---------+-------+---------+---------+-------
